 Dungeon Crawl Stone Soup version 0.26.0-16-gc1dbca0489 (webtiles) character file.

Game seed: 3400255329809111350

8935 112233 the Frost Mage (level 11, -7/74 HPs)
             Began as an Octopode Ice Elementalist on Jan 17, 2021.
             Was an Initiate of Gozag.
             Mangled by an eight-headed hydra (13 damage)
             ... on level 11 of the Dungeon.
             The game lasted 00:19:44 (16001 turns).

112233 the Frost Mage (Octopode Ice Elementalist)  Turns: 16001, Time: 00:19:45

Health: -7/74      AC:  1    Str:  5    XL:     11   Next: 38%
Magic:  11/24      EV: 17    Int: 20    God:    Gozag
Gold:   1537       SH:  0    Dex: 14    Spells: 12/28 levels left

rFire    . . .     SeeInvis .   h - +2 dagger (venom)
rCold    . . .     Faith    .   (no shield)
rNeg     + + .     Spirit   .   (helmet restricted)
rPois    .         Reflect  .   b - amulet of the acrobat
rElec    .         Harm     .   n - ring of positive energy
rCorr    .         Rampage  .   o - ring of positive energy
Will     .....                  (no ring)
Stlth    +++.......             (no ring)
HPRegen  0.22/turn              (no ring)
MPRegen  0.19/turn              (no ring)
                                (no ring)
                                (no ring)

@: barbed spikes, frozen ramparts
A: almost no armour, stealthy swim, amphibious, 8 rings, constrict 8, antennae
1, camouflage 1, weak 1, gelatinous body 1
a: Renounce Religion, Potion Petition, Call Merchant, Bribe Branch


You were on level 11 of the Dungeon.
You worshipped Gozag.
Gozag was most pleased with you.
You visited 2 branches of the dungeon, and saw 12 of its levels.

You collected 2029 gold pieces.
You spent 420 gold pieces at shops.
You paid 72 gold pieces to Gozag.

Inventory:

Hand Weapons
 d - a +0 dagger
 h - a +2 dagger of venom (weapon)
 v - a +3 falchion
Missiles
 g - 14 poisoned darts
 l - 5 javelins
 H - a throwing net {!f}
 K - 6 silver javelins
Armour
 D - the +7 tower shield of Lalir {rElec rN+ Int+5, unknown}
   (You found it on level 6 of the Dungeon)

   It affects your intelligence (+5).
   It insulates you from electricity.
   It protects you from negative energy.
 P - a +0 buckler
Jewellery
 b - an amulet of the acrobat (around mantle)
 n - a ring of positive energy (left tentacle)
 o - a ring of positive energy (right tentacle)
Wands
 B - a wand of random effects (16)
 L - a wand of paralysis (1)
 M - a wand of iceblast (1)
 N - a wand of disintegration (7)
Scrolls
 a - 6 scrolls of remove curse {unknown}
 c - 5 scrolls of teleportation {@r3}
 e - 2 scrolls of immolation {unknown}
 f - 5 scrolls of identify {unknown}
 q - 2 scrolls of magic mapping {unknown}
 r - a scroll of fear {unknown}
 t - 4 scrolls of amnesia {unknown}
 y - 2 scrolls of fog {unknown}
 z - a scroll of enchant weapon {unknown}
 E - a scroll of random uselessness {unknown}
 I - 3 scrolls of noise {unknown}
 J - 3 scrolls of blinking {unknown}
 O - a scroll of enchant armour {unknown}
Potions
 i - a potion of might {unknown}
 j - 3 potions of heal wounds {unknown}
 k - 2 potions of resistance {unknown}
 m - 3 potions of curing {@q1}
 p - 2 potions of ambrosia {unknown}
 s - 2 potions of flight
 u - a potion of magic {unknown}
 w - a potion of cancellation {unknown}
 x - 2 potions of brilliance
 A - 2 potions of mutation
 C - a potion of attraction {unknown}
 F - 2 potions of berserk rage
 G - 3 potions of lignification {unknown}


   Skills:
 + Level 6.8 Fighting
 + Level 7.0 Dodging
 - Level 2.6 Stealth
 + Level 2.4 Shields
 * Level 9.1 Spellcasting
 + Level 2.2 Conjurations
 + Level 2.4 Summonings
 * Level 10.7 Ice Magic


You had 12 spell levels left.
You knew the following spells:

 Your Spells              Type           Power        Failure   Level
a - Freeze                Ice            100%         1%          1
b - Frozen Ramparts       Ice            100%         1%          3
c - Ozocubu's Armour      Ice            51%          1%          3
d - Summon Ice Beast      Ice/Summ       35%          4%          4
e - Hailstorm             Conj/Ice       35%          5%          4
f - Apportation           Tloc           18%          8%          1

Your spell library contained the following spells:

 Spells                   Type           Power        Failure   Level
 Lesser Beckoning         Tloc           4%           22%         3
 Tukima's Dance           Hex            9%           22%         3
 Alistair's Intoxication  Tmut/Pois      6%           91%         5
 Invisibility             Hex            9%           100%        6


Dungeon Overview and Level Annotations

Branches:
Dungeon (11/15)            Temple (1/1) D:4             Orc (0/2) D:10
   Lair: D:8-11

Altars:
Ashenzari
Cheibriados
Dithmenos
Fedhas
Gozag
Hepliaklqana
Kikubaaqudgha
Makhleb
Nemelex Xobeh
Okawaru
Qazlal
Ru
Sif Muna
Trog
Uskayaw
Vehumet
Wu Jian
Xom
Yredelemnul
Zin
The Shining One

Shops:
D:9 *   D:10 [

Annotations:
D:8 1 runed translucent door, DungeonDestroyer's ghost, novice GnFi


Innate Abilities, Weirdness & Mutations

You cannot wear most types of armour.
You are very stealthy in the water. (Stealth+)
You are amphibious.
You can wear up to eight rings at the same time.
You can use your tentacles to constrict eight enemies at once.
Your skin changes colour to match your surroundings (Stealth+).
Your rubbery body absorbs attacks. (AC +1, EV +1)
You have a pair of small antennae on your head.
You are weak. (Str -2)


Message History

Okay, then.
Unknown command.
Unknown command.
Casting: Summon Ice Beast (dangerous; 4% risk of failure)
Okay, then.
Okay, then.
Casting: Summon Ice Beast (dangerous; 4% risk of failure)
Casting: Frozen Ramparts (safe; 1% risk of failure)
The walls around you are covered in ice.
The wall freezes the eight-headed hydra!
The eight-headed hydra seems to slow down.
The eight-headed hydra bites you. The eight-headed hydra misses you.
The eight-headed hydra bites you. The eight-headed hydra misses you.
The eight-headed hydra barely misses you.
The eight-headed hydra closely misses you.
The eight-headed hydra bites you!
* * * LOW HITPOINT WARNING * * *
The eight-headed hydra bites you!
You die...
Your body crumbles into a pile of gold.

#..# #.# ........# #..#
#.# ........# #..####.#
........########......)#
..J.....................
........#########..#####
....Y...# #..# .....YHD#
#..#
......Y@#########..#
.......$...........#####
..........#######(......
######.....# #..#####
.... #.#...# #..# #..#
.....#.#...# #..# #..#
...#.#...# #..# #..^..
..^.#...# #..#
#..#.......#.....# #..#


You could see an eight-headed hydra (slow), a manticore, a jelly and 3 friendly
ice beasts.

Vanquished Creatures
  A hydra (D:11)
  2 trolls
  Grinder (D:5)
  Sigmund (D:5)
  14 yaks
  Menkaure (D:5)
  An orc warrior (D:7)
  A sky beast (D:6)
  An ice beast (D:6)
  A black bear (D:5)
  3 ogres
  A phantom (D:8)
  3 centaurs
  Blork the orc (D:5)
  A big kobold (D:9)
  A wyvern zombie (D:11)
  3 bullfrogs
  A gnoll sergeant (D:7)
  A water moccasin zombie (D:8)
  2 scorpions (D:4)
  A jelly (D:5)
  14 killer bees
  A howler monkey (D:4)
  A nameless horror (D:11)
  A bullfrog zombie (D:6)
  6 hounds
  A centaur skeleton (D:9)
  5 orc priests
  An iguana (D:5)
  2 bullfrog skeletons
  Ijyb (D:3)
  Terence (D:3)
  6 orc wizards
  6 worker ants
  A mummy (D:8)
  2 worker ant zombies
  11 gnolls
  9 adders
  2 shadow imps
  A white imp (D:7)
  An ufetubus (D:5)
  An adder skeleton (D:4)
  4 worms
  2 dart slugs
  3 leopard geckos
  23 orcs
  6 giant cockroaches
  16 goblins
  9 hobgoblins
  16 jackals
  16 kobolds
  4 quokkas
  3 ball pythons
  7 bats
  2 frilled lizards
  7 rats
234 creatures vanquished.

Vanquished Creatures (collateral kills)
  2 two-headed ogres
  6 yaks
  A nameless horror (D:9)
  A sky beast (D:11)
  A black bear (D:11)
  2 ice beasts
  2 phantoms
  A centaur (D:9)
  3 bullfrogs
  A killer bee (D:7)
  A quasit (D:10)
  3 orc priests
  A jelly (D:11)
  A gnoll shaman (D:8)
  An iguana (D:9)
  A worker ant (D:9)
  An orc wizard (D:7)
  A howler monkey skeleton (D:7)
  7 gnolls
  An adder (D:7)
  A white imp (D:7)
  16 orcs
55 creatures vanquished.

Grand Total: 289 creatures vanquished

Notes
Turn   | Place    | Note
-------+----------+-------------------------------------------
     0 | D:1      | 112233 the Octopode Ice Elementalist began the quest for
                  | the Orb.
     0 | D:1      | Reached XP level 1. HP: 11/11 MP: 3/3
   105 | D:1      | Reached XP level 2. HP: 6/17 MP: 0/5
   628 | D:1      | Reached XP level 3. HP: 19/22 MP: 2/6
   763 | D:1      | Learned a level 3 spell: Frozen Ramparts
  1066 | D:3      | Found a glowing silver altar of Zin.
  1117 | D:4      | Noticed an ogre
  1117 | D:4      | Noticed a scorpion
  1520 | D:3      | Noticed Terence
  1529 | D:3      | Gained mutation: You are weak. (Str -2) [potion of
                  | mutation]
  1529 | D:3      | Gained mutation: You have a pair of small antennae on your
                  | head. [potion of mutation]
  1531 | D:3      | Reached skill level 1 in Fighting
  1538 | D:3      | Killed Terence
  1539 | D:3      | Reached XP level 4. HP: 8/28 MP: 0/7
  1921 | D:3      | Reached skill level 5 in Ice Magic
  1926 | D:3      | Reached XP level 5. HP: 13/33 MP: 1/9
  2372 | D:3      | Noticed Ijyb
  2424 | D:3      | Killed Ijyb
  3188 | D:2      | Reached XP level 6. HP: 39/39 MP: 6/10
  4594 | D:4      | Reached XP level 7. HP: 44/45 MP: 7/12
  4665 | D:4      | Reached skill level 6 in Ice Magic
  4748 | D:4      | Learned a level 3 spell: Ozocubu's Armour
  4798 | D:4      | Found a staircase to the Ecumenical Temple.
  4811 | Temple   | Entered the Ecumenical Temple
  4951 | Temple   | Became a worshipper of Gozag Ym Sagoz the Greedy
  5636 | D:5      | Entered Level 5 of the Dungeon
  5638 | D:5      | Noticed Grinder
  5713 | D:5      | Paralysed by Grinder for 7 turns
  5727 | D:5      | Killed Grinder
  5728 | D:5      | Reached XP level 8. HP: 20/52 MP: 7/15
  5946 | D:5      | Reached skill level 5 in Spellcasting
  6002 | D:5      | Reached skill level 7 in Ice Magic
  6073 | D:5      | Noticed Menkaure
  6081 | D:5      | Killed Menkaure
  6477 | D:5      | Noticed Sigmund
  6486 | D:5      | Killed Sigmund
  6514 | D:5      | Noticed Blork the orc
  6521 | D:5      | Killed Blork the orc
  6696 | D:5      | Found a broken altar of Ashenzari.
  6839 | D:5      | Reached XP level 9. HP: 40/58 MP: 11/18
  7114 | D:5      | Reached skill level 8 in Ice Magic
  7474 | D:6      | Reached skill level 5 in Dodging
  7483 | D:6      | Reached skill level 5 in Fighting
  7834 | D:7      | Learned a level 4 spell: Summon Ice Beast
  7839 | D:7      | Learned a level 4 spell: Hailstorm
  8130 | D:6      | Found a sacrificial altar of Ru.
  8211 | D:6      | Got a bloodstained tower shield
  8337 | D:6      | Reached skill level 9 in Ice Magic
  8883 | D:7      | Reached XP level 10. HP: 64/66 MP: 15/21
  8947 | D:7      | Found an iron altar of Okawaru.
  8951 | D:7      | Found a bloodstained altar of Trog.
 10900 | D:8      | Found a snail-covered altar of Cheibriados.
 11759 | D:8      | Found a runed translucent door.
 11759 | D:8      | Found a shimmering altar of Xom.
 11759 | D:8      | Noticed a +2 trident of chaos
 11759 | D:8      | Noticed DungeonDestroyer's ghost (novice GnFi)
 11777 | D:8      | Noticed a two-headed ogre
 11785 | D:8      | Killed a two-headed ogre
 12275 | D:9      | Found Iprup's Assorted Antiques.
 12282 | D:9      | Bought a scroll labelled VETIOL GUMIU for 20 gold pieces
 12282 | D:9      | Bought a bone wand for 80 gold pieces
 12282 | D:9      | Bought a scroll labelled TEBRAQ YSHRONIUDE for 20 gold
                  | pieces
 12282 | D:9      | Bought a thin leatherbound book for 300 gold pieces
 12507 | D:9      | Found a shimmering blue altar of Sif Muna.
 12515 | D:9      | Reached skill level 10 in Ice Magic
 13367 | D:9      | Learned a level 1 spell: Apportation
 13386 | D:10     | Entered Level 10 of the Dungeon
 13480 | D:10     | Found a staircase to the Orcish Mines.
 13778 | D:9      | Reached skill level 1 in Shields
 13778 | D:9      | Reached skill level 1 in Conjurations
 13778 | D:9      | Reached skill level 1 in Summonings
 14394 | D:10     | Reached XP level 11. HP: 74/74 MP: 9/23
 14615 | D:10     | Found Sikuig's Antique Armour Boutique.
 14826 | D:11     | Noticed a five-headed hydra
 14843 | D:11     | Killed a five-headed hydra
 15346 | D:11     | Noticed a two-headed ogre
 15357 | D:11     | Killed a two-headed ogre
 15824 | D:11     | Noticed a manticore
 15994 | D:11     | Noticed an eight-headed hydra
 16001 | D:11     | Mangled by an eight-headed hydra

Illustrated notes

Levels and vault maps discovered:
D:1:      grunt_arrival_crossed_arrows, layout_loops_ring,
          minmay_stone_trees_large
D:2:      layout_basic
D:3:      layout_basic, zin_academy, chequers_ecumenical_altar_simple_redux,
          grunt_ministairs_5, uniq_terence, uniq_ijyb
D:4:      layout_basic, temple_fountains
D:5:      black_bear_nest_2, layout_rooms, evilmike_ruin_ashenzari,
          uniq_sigmund, uniq_blork_the_orc, uniq_menkaure, uniq_grinder
D:6:      layout_cave_pools, nicolae_ru_great_annihilating_truth,
          serial_column_ruins, column_ruins_grid_3, column_ruins_open_medium,
          column_ruins_grid_1, column_ruins_grid_1, column_ruins_open_small
D:7:      layout_rooms, grunt_temple_overflow_bloody_war
D:8:      layout_loops_corners, slow_altar_1, ebering_ghost_xom
D:9:      layout_basic, kennysheep_little_box, serial_shops, shop
D:10:     layout_small_grid, orc_0_dummy, serial_shops, nicolae_shop_statue_plus
D:11:     layout_small_grid, lair_entry_dummy, lemuel_tele_altar
Temple:   regret_index_temple_sphere_string

Skill      XL: |  1  2  3  4  5  6  7  8  9 10 11 |
---------------+----------------------------------+-----
Fighting       | 1 2 3 4 5 6 |  6.8
Ice Magic      | 5 6 7 9 10 | 10.7
Spellcasting   | 3 4 6 7 8 9 |  9.1
Dodging        | 3 4 5 6 7 |  7.0
Shields        | 1 2 |  2.4
Conjurations   | 1 2 |  2.2
Summonings     | 1 2 |  2.4
Stealth        | |  2.6

Action                   |  1- 3 |  4- 6 |  7- 9 | 10-12 || total
-------------------------+-------+-------+-------+-------++-------
Melee: Dagger            |    50 |    42 |   101 |   119 ||   312
       Constrict         |    17 |    11 |    15 |    23 ||    66
       Unarmed           |     2 |       |       |       ||     2
       Tentacles         |     3 |     4 |    18 |    18 ||    43
 Cast: Freeze            |    21 |    45 |    67 |    48 ||   181
       Frozen Ramparts   |     1 |    10 |    25 |    26 ||    62
       Ozocubu's Armour  |       |       |    13 |    23 ||    36
       Summon Ice Beast  |       |       |     3 |    80 ||    83
       Hailstorm         |       |       |       |     1 ||     1
Evoke: Wand              |       |       |    12 |    14 ||    26
  Use: Potion            |     4 |       |       |     3 ||     7
       Scroll            |       |       |       |     1 ||     1
 Stab: Sleeping          |     8 |     5 |     4 |     3 ||    20
       Paralysed         |       |       |     1 |     4 ||     5
Armor: Skin              |     1 |     4 |    15 |    24 ||    44
Dodge: Dodged            |    59 |    56 |   142 |   204 ||   461
